 Dungeon Sprint DCSS version 0.29-a0-468-ge57f7f99b4 (webtiles) character file.

Game seed: 8522620230769775395

3917 mhtbhm the Eclecticist (level 10, -24/51 HPs)
             Began as a Deep Elf Earth Elementalist on May 21, 2022.
             Was an Elder of Vehumet.
             Annihilated by Agnes
             ... wielding a +1 spectral lajatang
              (43 damage)
             ... in the Dungeon (Sprint IV: "Fedhas' Mad Dash").
             The game lasted 00:07:01 (2839 turns).

mhtbhm the Eclecticist (DEEE)                       Turns: 2839, Time: 00:07:02

Health: -24/51     AC:  2    Str:  5    XL:     10   Next: 1%
Magic:  18/32      EV: 15    Int: 26    God:    Vehumet [****..]
Gold:   209        SH:  0    Dex: 17    Spells: 24/42 levels left

rFire   . . .      SeeInvis .   i - +4 dagger "Mamy Lan" {drain, Int+3}
rCold   . . .      Faith    .   (no shield)
rNeg    . . .      Spirit   .   b - +0 robe
rPois   .          Reflect  .   (no helmet)
rElec   .          Harm     .   (no cloak)
rCorr   +          Rampage  .   (no gloves)
Will    +....      NoTele   +   (no boots)
Stlth   +++.......              d - amulet of invisibility {+Inv}
HPRegen 0.17/turn               k - ring of resist corrosion
MPRegen 0.23/turn               (no ring)

@: hasted, very quick
A: no striking features
a: Renounce Religion, Evoke Invisibility


You were in the Dungeon.
You worshipped Vehumet.
Vehumet was greatly pleased with you.
You visited 1 branch You collected 209 gold pieces.

Inventory:

Hand Weapons
 i - the +4 dagger "Mamy Lan" (weapon) {drain, Int+3}
   (You found it in the Dungeon)

   A truly terrible weapon, it drains the life of any living foe it strikes.
   Int:       It affects your intelligence (+3).
Missiles
 a - 30 stones
 h - 2 curare-tipped darts
Armour
 b - a +0 robe (worn)
Jewellery
 d - the amulet of invisibility (around neck) {+Inv}
   (You found it in the Dungeon)

   [amulet of nothing]

   +Inv:      It lets you turn invisible.
 j - an amulet of regeneration
 k - a ring of resist corrosion (left hand)
Potions
 c - 2 potions of magic
 g - a potion of berserk rage


   Skills:
 + Level 0.7 Fighting
 + Level 0.2 Short Blades
 + Level 6.1 Dodging
 + Level 6.0 Stealth
 + Level 16.8 Spellcasting
 + Level 7.2 Conjurations
 + Level 5.1 Transmutations
 + Level 14.9 Earth Magic
 + Level 10.7 Evocations


You had 24 spell levels left.
You knew the following spells:

 Your Spells              Type           Power      Damage    Failure   Level
a - Sandblast             Erth           100%       2d20      0%          1
b - Passwall              Tmut/Erth      54%        N/A       1%          2
c - Stone Arrow           Conj/Erth      100%       3d13      1%          3
d - Petrify               Tmut/Erth      65%        N/A       1%          4
e - Mephitic Cloud        Conj/Pois/Air  34%        N/A       1%          3
f - Swiftness             Air            21%        N/A       7%          3
g - Ensorcelled Hibernat  Hex/Ice        42%        N/A       3%          2

Your spell library contained the following spells:

 Spells                   Type           Power      Damage    Failure   Level
 Iskenderun's Mystic Bla  Conj/Tloc      40%        2d9       1%          4


Dungeon Overview and Level Annotations

Branches:
Dungeon (1/1)

Altars:
Cheibriados
Dithmenos
Elyvilon
Gozag
Hepliaklqana
Kikubaaqudgha
Makhleb
Nemelex Xobeh
Okawaru
Qazlal
Ru
Sif Muna
Trog
Uskayaw
Vehumet
Wu Jian
Xom
Yredelemnul
Zin
The Shining One
Beogh
Jiyva
Lugonu

Annotations:
D Agnes


Message History

Unknown command.
Casting: Mephitic Cloud (safe; 1% risk of failure)
Confirm with . or Enter, or press ? or * to list all spells.
Aiming: Stone Arrow (safe; 1% risk of failure)
Press: ? - help, Shift-Dir - straight line, f - Agnes
Aim: Agnes, wielding a +1 spectral lajatang and wearing a +0 robe (noxious fumes, confused, 78% to hit)
The stone arrow hits Agnes!!
Agnes is moderately wounded.
Agnes is engulfed in noxious fumes.
Agnes appears confused.
Unknown command.
You feel much better.
Agnes is engulfed in noxious fumes.
Agnes appears confused.
Agnes hits you with a +1 spectral lajatang!!
Ouch! That really hurt!
Agnes barely misses herself.
Unknown command.
Casting: Stone Arrow (safe; 1% risk of failure)
Confirm with . or Enter, or press ? or * to list all spells.
Aiming: Stone Arrow (safe; 1% risk of failure)
Press: ? - help, Shift-Dir - straight line, f/p - Agnes
Aim: Agnes, wielding a +1 spectral lajatang and wearing a +0 robe (noxious fumes, lightly wounded, confused, 78% to hit)
Okay, then.
Casting: Stone Arrow (safe; 1% risk of failure)
Confirm with . or Enter, or press ? or * to list all spells.
Aiming: Petrify (safe; 1% risk of failure)
Press: ? - help, Shift-Dir - straight line, f/p - Agnes
Aim: Agnes, wielding a +1 spectral lajatang and wearing a +0 robe (noxious fumes, lightly wounded, confused, chance to affect: 14%) Agnes resists with almost no effort.
Unknown command.
Unknown command.
Casting: Petrify (safe; 1% risk of failure)
Confirm with . or Enter, or press ? or * to list all spells.
Aiming: Petrify (safe; 1% risk of failure)
Press: ? - help, Shift-Dir - straight line, f/p - Agnes
Aim: Agnes, wielding a +1 spectral lajatang and wearing a +0 robe (noxious fumes, lightly wounded, confused, chance to affect: 14%) Agnes resists with almost no effort.
Agnes is engulfed in noxious fumes.
Agnes appears confused.
Agnes hits you with a +1 spectral lajatang!!!
Ouch! That really hurt!
You die...

######################
....#.⌠._._._._.⌠.#..+
#.[.'.._._._._._..'..#
#...#..._._._._...#..#
##'##.._._._._._..#..#
'...#._._._._._.⌠.############
#...###################......#
#####♣♣♣♣♣..♣)###○○..')....).+
#.)'......♣..♣##@i#..#.P.....#
...#♣..♣♣♣.♣..###.##'##.P....#
...#.♣♣.)♣.).♣'...#♣.♣########
##### ############... ♣..♣
.... ♣.... #####


You could see Agnes (confused).

Vanquished Creatures
  A spriggan druid (D)
  6 oklob plants (D)
  2 burning bushes (D)
  A wandering mushroom (D)
  A queen bee (D)
  A spriggan (D)
  2 scorpions (D)
  4 killer bees (D)
  5 oklob saplings (D)
  A river rat (D)
  A rat (D)
  A ballistomycete spore (D)
26 creatures vanquished.

Notes
Turn   | Place    | Note
-------+----------+-------------------------------------------
     0 | D        | mhtbhm the Deep Elf Earth Elementalist began the quest for
                  | the Orb.
     0 | D        | Reached XP level 1. HP: 10/10 MP: 6/6
    10 | D        | Reached XP level 2. HP: 15/15 MP: 2/8
   166 | D        | Reached skill level 4 in Spellcasting
   169 | D        | Learned a level 2 spell: Passwall
   185 | D        | Noticed a scorpion
   185 | D        | Found the amulet of invisibility {+Inv}
   195 | D        | Killed a scorpion
   196 | D        | Reached skill level 6 in Spellcasting
   196 | D        | Reached XP level 3. HP: 12/19 MP: 7/12
   445 | D        | Learned a level 3 spell: Stone Arrow
   455 | D        | Noticed an oklob sapling
   458 | D        | Killed an oklob sapling
   459 | D        | Reached XP level 4. HP: 24/24 MP: 9/14
   508 | D        | Reached skill level 7 in Spellcasting
   653 | D        | Found an opulent altar of Gozag.
   653 | D        | Found a hazy altar of Hepliaklqana.
   653 | D        | Found a burning altar of Makhleb.
   653 | D        | Found a sparkling altar of Nemelex Xobeh.
   653 | D        | Found a snail-covered altar of Cheibriados.
   653 | D        | Found a sacrificial altar of Ru.
   653 | D        | Found a shimmering blue altar of Sif Muna.
   653 | D        | Found a shimmering altar of Xom.
   653 | D        | Found a basalt altar of Yredelemnul.
   654 | D        | Found a viscous altar of Jiyva.
   654 | D        | Found a bloodstained altar of Trog.
   654 | D        | Found an ornate altar of the Wu Jian Council.
   655 | D        | Found an iron altar of Okawaru.
   655 | D        | Found a shadowy altar of Dithmenos.
   655 | D        | Found a glowing silver altar of Zin.
   656 | D        | Found an ancient bone altar of Kikubaaqudgha.
   656 | D        | Found a hide-covered altar of Uskayaw.
   657 | D        | Found a stormy altar of Qazlal.
   657 | D        | Found a white marble altar of Elyvilon.
   657 | D        | Found a glowing golden altar of the Shining One.
   658 | D        | Found a corrupted altar of Lugonu.
   658 | D        | Found a radiant altar of Vehumet.
   662 | D        | Reached skill level 8 in Spellcasting
   662 | D        | Reached skill level 1 in Evocations
   662 | D        | Reached XP level 5. HP: 28/28 MP: 5/17
   675 | D        | Became a worshipper of Vehumet
   752 | D        | Reached skill level 1 in Conjurations
   792 | D        | Learned a level 4 spell: Petrify
   810 | D        | Noticed a queen bee
   819 | D        | Reached skill level 9 in Spellcasting
  1010 | D        | Reached * piety under Vehumet
  1010 | D        | Offered knowledge of Shock by Vehumet.
  1011 | D        | Reached XP level 6. HP: 32/32 MP: 15/20
  1014 | D        | Reached skill level 5 in Dodging
  1014 | D        | Reached skill level 5 in Stealth
  1014 | D        | Reached skill level 10 in Spellcasting
  1014 | D        | Reached skill level 10 in Earth Magic
  1091 | D        | Killed a queen bee
  1091 | D        | Reached ** piety under Vehumet
  1092 | D        | Reached skill level 11 in Spellcasting
  1092 | D        | Reached skill level 5 in Evocations
  1092 | D        | Reached XP level 7. HP: 20/36 MP: 10/24
  1389 | D        | Noticed a burning bush
  1399 | D        | Killed a burning bush
  1399 | D        | Offered knowledge of Static Discharge by Vehumet.
  1400 | D        | Reached skill level 12 in Spellcasting
  1538 | D        | Noticed an oklob plant
  1542 | D        | Killed an oklob plant
  1543 | D        | Reached skill level 13 in Spellcasting
  1543 | D        | Reached XP level 8. HP: 42/42 MP: 12/27
  1636 | D        | Noticed a burning bush
  1636 | D        | Noticed an oklob plant
  1639 | D        | Killed a burning bush
  1640 | D        | Reached skill level 14 in Spellcasting
  1691 | D        | Noticed a wandering mushroom
  1942 | D        | Killed a wandering mushroom
  1942 | D        | Offered knowledge of Inner Flame by Vehumet.
  1943 | D        | Reached skill level 5 in Conjurations
  1943 | D        | Killed an oklob plant
  1943 | D        | Reached *** piety under Vehumet
  1944 | D        | Reached XP level 9. HP: 46/46 MP: 15/29
  2013 | D        | Identified the +4 dagger "Mamy Lan" {drain, Int+3}
  2028 | D        | Noticed a spriggan druid
  2032 | D        | Killed a spriggan druid
  2033 | D        | Reached skill level 15 in Spellcasting
  2322 | D        | Noticed an oklob plant conjurer
  2324 | D        | Killed an oklob plant conjurer
  2324 | D        | Offered knowledge of Mephitic Cloud by Vehumet.
  2324 | D        | Reached **** piety under Vehumet
  2325 | D        | Reached skill level 16 in Spellcasting
  2337 | D        | Learned a level 3 spell: Mephitic Cloud
  2341 | D        | Learned a level 3 spell: Swiftness
  2344 | D        | Learned a level 2 spell: Ensorcelled Hibernation
  2464 | D        | Noticed an oklob plant
  2464 | D        | Noticed an oklob plant summoner
  2465 | D        | Noticed an oklob plant shifter
  2471 | D        | Killed an oklob plant
  2471 | D        | Offered knowledge of Iskenderun's Mystic Blast by Vehumet.
  2472 | D        | Reached skill level 10 in Evocations
  2475 | D        | Killed an oklob plant summoner
  2578 | D        | Killed an oklob plant shifter
  2579 | D        | Reached skill level 5 in Transmutations
  2650 | D        | Noticed Agnes
  2654 | D        | Reached XP level 10. HP: 38/51 MP: 26/32
  2839 | D        | Annihilated by Agnes

Illustrated notes

Levels and vault maps discovered:
D:        dungeon_sprint_fedhas [sprint_temple]

Skill      XL: |  1  2  3  4  5  6  7  8  9 |
---------------+----------------------------+-----
Earth Magic    | 4 6 7 8 9 11 12 13 14 | 14.9
Spellcasting   | 6 8 9 11 13 14 16 | 16.8
Dodging        | 3 4 5 6 |  6.1
Stealth        | 3 4 5 6 |  6.0
Evocations     | 1 3 5 7 8 10 | 10.7
Conjurations   | 1 2 4 5 7 |  7.2
Transmutations | 2 3 5 |  5.1
Fighting       | |  0.7
Short Blades   | |  0.2

Action                   |  1- 3 |  4- 6 |  7- 9 | 10-12 || total
-------------------------+-------+-------+-------+-------++-------
Melee: Dagger            |       |       |     3 |       ||     3
 Cast: Sandblast         |    13 |     9 |     7 |       ||    29
       Stone Arrow       |     1 |    10 |    40 |     1 ||    52
       Petrify           |       |       |     7 |     2 ||     9
       Mephitic Cloud    |       |       |       |     1 ||     1
 Abil: Evoke Invisibilit |       |     5 |     7 |       ||    12
  Use: Potion            |     2 |       |       |     2 ||     4
       Scroll            |     1 |       |       |       ||     1
 Stab: Petrified         |       |       |     2 |       ||     2
Armor: Robe              |     2 |       |       |       ||     2
Dodge: Dodged            |     8 |     6 |     5 |     1 ||    20

Table legend: (Time is in decaauts)
 A = Elapsed time spent in this place.
 B = Non-inter-level travel time spent in this place.
 C = Inter-level travel time spent in this place.
 D = Time resting spent in this place.
 E = Time spent auto-exploring this place.
 F = Levels seen in this place.
 G = Mean time per level.
                   A        B        C        D        E       F      G
               +--------+--------+--------+--------+--------+-----+--------+
         Total |   2835 |   2835 |      0 |   2316 |      0 |   1 | 2835.0 |
       Dungeon |   2835 |   2835 |      0 |   2316 |      0 |   1 | 2835.0 |
               +--------+--------+--------+--------+--------+-----+--------+

Top non-repeatable levels by time:
       D: 2835 daAuts
